 Dungeon Crawl Stone Soup version 0.26-a0-837-g5a8a614f01 (webtiles) character file.

Game seed: 18305612827144076102

37888 chimba the Severer (level 13, -2/198 HPs)
             Began as a Minotaur Berserker on Nov 18, 2020.
             Was an Elder of Trog.
             Slain by a cane toad (20 damage)
             ... on level 6 of the Lair of Beasts.
             The game lasted 00:51:02 (17691 turns).

chimba the Severer (Minotaur Berserker)            Turns: 17691, Time: 00:51:02

Health: -2/198     AC: 16    Str: 27    XL:     13   Next: 60%
Magic:  12/12      EV: 13    Int:  4    God:    Trog [****..]
Gold:   547        SH:  0    Dex: 13    Spells: 12/12 levels left

rFire    . . .     SeeInvis .   a - +3 battleaxe
rCold    . . .     Faith    .   (shield currently unavailable)
rNeg     . . .     Spirit   .   N - +2 steam dragon scales
rPois    .         Reflect  .   (helmet restricted)
rElec    .         Harm     .   x - +0 cloak
rCorr    .         Rampage  .   F - +2 pair of gloves {Dex+3}
MR       ++...                  G - +0 pair of boots
Stlth    ..........             (no amulet)
HPRegen  1.43/turn              R - ring of flight
MPRegen  0.13/turn              g - +4 ring of protection

@: berserking, lethally poisoned (-2 -> -15), marked, regenerating, very quick
A: retaliatory headbutt, horns 2
a: Berserk, Trog's Hand, Brothers in Arms, Renounce Religion, Evoke Flight


You were on level 6 of the Lair of Beasts.
You worshipped Trog.
Trog was greatly pleased with you.
You visited 2 branches of the dungeon, and saw 17 of its levels.

You collected 807 gold pieces.
You spent 260 gold pieces at shops.

Inventory:

Hand Weapons
 a - a +3 battleaxe (weapon)
 f - a +1 vorpal mace
 P - a +1 battleaxe of freezing
Missiles
 c - 458 stones (quivered)
Armour
 b - a +2 pair of gloves
 o - a +0 scale mail
 x - a +0 cloak (worn)
 F - a +2 pair of gloves of dexterity (worn)
 G - a +0 pair of boots (worn)
 N - +2 steam dragon scales (worn)
Jewellery
 g - a +4 ring of protection (right hand)
 R - a ring of flight (left hand)
Wands
 q - a wand of flame (13)
 y - a wand of polymorph (21)
 J - a wand of random effects (50)
 O - a wand of disintegration (3)
 Q - a wand of iceblast (7)
 U - a wand of digging (16)
Scrolls
 h - 4 scrolls of teleportation
 j - 4 scrolls of fog
 m - 2 scrolls of noise
 p - 2 scrolls of enchant weapon {unknown}
 s - 3 scrolls of enchant armour {unknown}
 t - 4 scrolls of amnesia
 L - a scroll of magic mapping {unknown}
 M - 4 scrolls of remove curse
 V - 2 scrolls of immolation {unknown}
 W - a scroll of fear
 X - 2 scrolls of brand weapon {unknown}
 Y - 2 scrolls of acquirement {unknown}
 Z - 2 scrolls of summoning {unknown}
Potions
 d - 3 potions of might
 e - a potion of invisibility {unknown}
 i - 2 potions of cancellation
 k - 4 potions of brilliance
 l - 3 potions of resistance
 n - 6 potions of lignification
 r - 3 potions of ambrosia
 u - 2 potions of haste
 w - 5 potions of flight
 z - 4 potions of mutation
 A - 9 potions of curing
 B - 2 potions of degeneration
 D - 2 potions of berserk rage
 H - a potion of attraction {unknown}


   Skills:
 + Level 17.1 Fighting
 - Level 20.0 Axes
 - Level 2.8 Armour
 - Level 2.5 Dodging
 - Level 1.1 Stealth


You had 12 spell levels left.
You didn't know any spells.
Your spell library was empty.

Dungeon Overview and Level Annotations

Branches:
Dungeon (13/15)              Lair (6/6) D:9           Slime (0/5) Lair:5
    Orc (0/2) D:10
 Temple: D:4-7        Swamp: Lair:2-4    Shoals: Lair:2-4     Snake: Lair:2-4
 Spider: Lair:2-4    Vaults: D:13-14

Altars:
Cheibriados
Gozag
Kikubaaqudgha
Makhleb
Okawaru
Ru
Uskayaw
Xom

Shops:
D:10 }   D:11 *

Annotations:
D:11 3 runed translucent doors, TheNamelessOne's ghost, journeyman PaFi; kuniqs's ghost, journeyman DECj


Innate Abilities, Weirdness & Mutations

You reflexively headbutt those who attack you in melee.
You have a pair of horns on your head.


Message History

You kill the bullfrog!
Trog accepts your kill.
You barely miss the cane toad.
* * * LOW HITPOINT WARNING * * *
You feel sick.
The cane toad stings you but does no damage.
Your skin crawls.
You feel resistant to hostile enchantments.
Trog will no longer gift you weapons.
You feel very sick. The cane toad stings you!
* * * LOW HITPOINT WARNING * * *
You are lethally poisoned!
The cane toad poisons you!
A red film seems to cover your vision as you go berserk!
You feel yourself moving faster!
You feel mighty!
You feel very sick.
A cane toad comes into view.
The cane toad stings you!!
You die...

#..##...##.#..###...
##.. ##..###.....##.#
#P.P #.####...#.#..P##
##...###+##.#...........
#.......................
#......................
.......................
#.....##...........
#...#@F###.#......≈.≈.
... ##w...#..w.......P
.... #.w.†.#....#≈..≈≈≈
#..####....†+†..#..≈≈≈≈
#...###...#....##≈≈≈P≈≈
##... #..#####F.# ≈
#.#.. #### #..#
#...##########..#
#.<...##.##...##


You could see 2 tyrant leeches and 2 cane toads.

Vanquished Creatures
  The ghost of Askman the Carver, a journeyman DsFi of Wu Jian (Lair:5)
  A boulder beetle (D:12)
  A hydra (Lair:5)
  2 two-headed ogres (D:11)
  4 death yaks
  2 spriggans (Lair:5)
  2 lindwurms (Lair:5)
  A cyclops (D:12)
  An ugly thing (D:12)
  A manticore (D:12)
  2 black mambas
  3 elephants (Lair:5)
  Psyche (D:8)
  A torpor snail (Lair:5)
  Maggie (D:7)
  16 cane toads
  2 rime drakes
  A kobold demonologist (D:12)
  6 komodo dragons
  A hornet (Lair:5)
  A tyrant leech (Lair:6)
  Prince Ribbit (D:8)
  17 blink frogs
  5 dream sheep
  3 slime creatures (D:11)
  A wyvern (Lair:2)
  A shadow (D:11)
  33 yaks
  8 vampire mosquitoes
  3 steam dragons
  A soldier ant (D:12)
  A swamp worm (Lair:1)
  7 water moccasins
  6 orc warriors
  A black bear (Lair:2)
  2 ice beasts (D:10)
  2 sky beasts
  2 phantoms
  4 ogres
  A boggart (Lair:5)
  10 wolves
  2 centaurs (D:10)
  A big kobold (D:12)
  Blork the orc (D:5)
  21 bullfrogs
  5 wights (D:8)
  10 killer bees
  An electric eel (Lair:1)
  2 centaur skeletons
  2 bullfrog zombies
  9 orc priests
  Crazy Yiuf (D:3)
  2 bullfrog skeletons
  4 hounds
  12 orc wizards
  Jessica (D:2)
  Ijyb (D:5)
  Terence (D:2)
  4 iguanas
  Natasha (thrice) (D:3)
  7 worker ants
  A worker ant zombie (D:9)
  4 gnolls (D:9)
  10 adders
  A river rat (D:9)
  A white imp (D:9)
  2 ufetubi (D:7)
  3 oozes
  2 adder skeletons (D:7)
  4 worms
  2 dart slugs
  3 leopard geckos
  57 orcs
  A ball python (D:4)
  2 giant cockroaches
  7 hobgoblins
  4 jackals
  10 kobolds
  8 quokkas
  10 bats
  4 frilled lizards
  8 goblins
  A jackal zombie (D:5)
  7 rats
402 creatures vanquished.

Vanquished Creatures (collateral kills)
  A cane toad (Lair:6)
  3 dream sheep (Lair:6)
  A blink frog (Lair:6)
  An orc warrior (D:11)
  2 bullfrogs (Lair:6)
  4 orcs (D:11)
12 creatures vanquished.

Vanquished Creatures (others)
  An orc priest (D:5)
  An orc wizard (D:5)
  An orc (D:5)
  54 fungi
  95 plants
  12 toadstools (Lair:5)
  6 withered plants (D:11)
170 creatures vanquished.

Grand Total: 584 creatures vanquished

Notes
Turn   | Place    | Note
-------+----------+-------------------------------------------
     0 | D:1      | chimba the Minotaur Berserker began the quest for the Orb.
     0 | D:1      | Reached XP level 1. HP: 19/19 MP: 0/0
   113 | D:1      | Reached skill level 4 in Axes
   120 | D:1      | Reached XP level 2. HP: 27/27 MP: 1/1
   992 | D:2      | Reached XP level 3. HP: 28/33 MP: 2/2
  1545 | D:2      | Reached skill level 5 in Axes
  1545 | D:2      | Reached skill level 1 in Stealth
  1545 | D:2      | Reached XP level 4. HP: 22/40 MP: 3/3
  1783 | D:2      | Noticed Terence
  1789 | D:2      | Killed Terence
  1913 | D:2      | Reached ** piety under Trog
  1921 | D:2      | Reached skill level 6 in Axes
  1921 | D:2      | Reached XP level 5. HP: 23/46 MP: 4/4
  2211 | D:2      | Noticed Jessica
  2212 | D:2      | Killed Jessica
  2763 | D:3      | Noticed Natasha
  2771 | D:3      | Killed Natasha
  2789 | D:3      | Found an ancient bone altar of Kikubaaqudgha.
  2868 | D:3      | Reached skill level 7 in Axes
  2882 | D:3      | Found a snail-covered altar of Cheibriados.
  3028 | D:3      | Noticed Natasha
  3038 | D:3      | Killed Natasha
  3109 | D:3      | Reached XP level 6. HP: 52/52 MP: 5/5
  3215 | D:3      | Noticed Natasha
  3219 | D:3      | Killed Natasha
  3693 | D:3      | Found a runed translucent door.
  3694 | D:3      | Noticed Crazy Yiuf
  3699 | D:3      | Killed Crazy Yiuf
  3751 | D:4      | Found an opulent altar of Gozag.
  3751 | D:4      | Found a sacrificial altar of Ru.
  3752 | D:4      | Found a burning altar of Makhleb.
  3903 | D:4      | Reached skill level 8 in Axes
  4234 | D:4      | Reached XP level 7. HP: 54/59 MP: 6/6
  4366 | D:4      | Reached skill level 9 in Axes
  4704 | D:5      | Entered Level 5 of the Dungeon
  4989 | D:5      | Noticed Ijyb
  4994 | D:5      | Killed Ijyb
  5062 | D:5      | Noticed Blork the orc
  5073 | D:5      | Killed Blork the orc
  5073 | D:5      | Reached *** piety under Trog
  5317 | D:5      | You fall into a shaft and drop 2 floors!
  5317 | D:7      | Noticed Maggie
  5336 | D:7      | Killed Maggie
  5337 | D:7      | Reached skill level 10 in Axes
  5358 | D:7      | Reached skill level 11 in Axes
  5358 | D:7      | Reached XP level 8. HP: 58/66 MP: 7/7
  5556 | D:7      | Reached skill level 12 in Axes
  6148 | D:7      | Found a shimmering altar of Xom.
  6238 | D:8      | Noticed Psyche
  6260 | D:8      | Killed Psyche
  6261 | D:8      | Reached skill level 13 in Axes
  6530 | D:8      | Reached XP level 9. HP: 71/71 MP: 8/8
  6885 | D:8      | Noticed Prince Ribbit
  6916 | D:8      | Killed Prince Ribbit
  6917 | D:8      | Reached skill level 14 in Axes
  7456 | D:9      | Found a staircase to the Lair.
  7458 | D:9      | Noticed a death yak
  7459 | D:9      | Noticed a death yak
  7459 | D:9      | Noticed a death yak
  7490 | D:9      | Killed a death yak
  7491 | D:9      | Reached skill level 15 in Axes
  7494 | D:9      | Killed a death yak
  7495 | D:9      | Reached skill level 16 in Axes
  7495 | D:9      | Reached XP level 10. HP: 44/79 MP: 9/9
  7500 | D:9      | Killed a death yak
  7992 | D:9      | Found an iron altar of Okawaru.
  8037 | D:9      | Reached **** piety under Trog
  8479 | D:10     | Entered Level 10 of the Dungeon
  8639 | D:10     | Reached skill level 17 in Axes
  9269 | D:10     | Found a staircase to the Orcish Mines.
  9341 | D:10     | Reached skill level 18 in Axes
  9435 | D:10     | Found Iquteruu's Gadget Shop.
  9451 | D:10     | Bought a wand of digging (6) for 260 gold pieces
  9467 | D:10     | You fall into a shaft and drop 3 floors!
  9470 | D:13     | Noticed a death knight
  9472 | D:13     | Noticed a purple ugly thing
  9487 | D:12     | Killed a purple ugly thing
  9547 | D:12     | Noticed a manticore
  9555 | D:12     | Killed a manticore
  9671 | D:12     | Noticed a cyclops
  9686 | D:12     | Killed a cyclops
  9687 | D:12     | Reached XP level 11. HP: 25/84 MP: 10/10
 10187 | D:12     | Noticed a sun demon
 10192 | D:12     | Reached skill level 19 in Axes
 10192 | D:12     | Noticed a sun demon
 10430 | D:12     | Noticed a boulder beetle
 10439 | D:12     | Killed a boulder beetle
 10836 | D:11     | Noticed a two-headed ogre
 10853 | D:11     | Killed a two-headed ogre
 10909 | D:11     | Reached skill level 20 in Axes
 10918 | D:11     | Reached skill level 5 in Fighting
 11031 | D:11     | Found a runed translucent gate.
 11031 | D:11     | Found a runed translucent gate.
 11033 | D:11     | Found a runed translucent gate.
 11033 | D:11     | Noticed TheNamelessOne's ghost (journeyman PaFi)
 11034 | D:11     | Noticed kuniqs's ghost (journeyman DECj)
 11135 | D:11     | Found Otius's Sacrilege Store.
 11137 | D:11     | Found a burning altar of Makhleb.
 11189 | D:11     | Noticed a two-headed ogre
 11202 | D:11     | Killed a two-headed ogre
 11202 | D:11     | Reached ***** piety under Trog
 11543 | D:11     | Noticed a six-headed hydra
 11543 | D:11     | Noticed a six-headed hydra
 11620 | D:10     | Reached XP level 12. HP: 96/103 MP: 11/11
 12258 | Lair:1   | Entered Level 1 of the Lair of Beasts
 12704 | Lair:1   | Reached skill level 10 in Fighting
 12787 | Lair:1   | Noticed a five-headed hydra
 12814 | Lair:1   | a five-headed hydra changed into a swamp worm
 14395 | Lair:3   | You fall into a shaft and drop 2 floors!
 14834 | Lair:5   | Noticed a four-headed hydra
 14847 | Lair:5   | Killed a four-headed hydra
 15129 | Lair:5   | Found a hide-covered altar of Uskayaw.
 15171 | Lair:5   | Found a runed translucent door.
 15173 | Lair:5   | Noticed Askman's ghost (journeyman DsFi)
 15180 | Lair:5   | Identified the +7 trident "Ogreslayer" {freeze, rN+}
 15182 | Lair:5   | Noticed a catoblepas
 15189 | Lair:5   | Killed Askman's ghost
 15483 | Lair:5   | Found a runed translucent door.
 15517 | Lair:5   | Reached XP level 13. HP: 55/125 MP: 12/12
 16077 | Lair:5   | Found a staircase to the Slime Pits.
 16251 | Lair:6   | Entered Level 6 of the Lair of Beasts
 16261 | Lair:6   | Reached skill level 15 in Fighting
 16338 | Lair:6   | Received a gift from Trog
 17691 | Lair:6   | Slain by a cane toad

Illustrated notes

Levels and vault maps discovered:
D:1:      giann_horns, layout_basic, minivault_27, minmay_pentomino_p2
D:2:      minmay_inner_zag, layout_basic, uniq_jessica, uniq_terence
D:3:      layout_basic, kiku_gazebo_garden_becter, cheibriados_altar_1,
          serial_park_tiny_pond, kennysheep_boxes, uniq_natasha,
          uniq_crazy_yiuf_cottage
D:4:      minmay_recursive_quarters, layout_basic, grunt_temple_overflow_open,
          st_stairs_7
D:5:      layout_loops_ring, marbit_many_paths, chequers_serial_rivers_room_a,
          lemuel_flamethrower_2, uniq_ijyb, uniq_blork_the_orc
D:7:      layout_basic, lemuel_coloured_pillars_altar, uniq_maggie
D:8:      layout_loops_ring, chequers_decorated_corner, corexii_corridor_pit,
          uniq_prince_ribbit1, uniq_psyche
D:9:      layout_roguey, lemuel_crystal_altar, dpeg_lair_monsters
D:10:     layout_long_grid, hiddenorc2_lemuel, serial_shops,
          nicolae_shop_crystal, wad_floor_pattern_untrapped,
          hangedman_decor_lopped
D:11:     layout_small_grid, gammafunk_ghost_cemetery, nicolae_evil_shop
D:12:     layout_irregular_city
D:13:     layout_big_octagon, grunt_vaults_entry_fortified
Lair:1:   layout_chaotic_city, serial_bayou_shore_a
Lair:2:   layout_regular_city
Lair:3:   layout_long_grid, minmay_snake_entry_guardpost_small
Lair:5:   gammafunk_lair_enchanted_lake, layout_gridlike,
          dpeg_slime_entry_corner, ebering_ghost_funeral_grove, basic_altar
Lair:6:   minmay_lair_end_frog_pond, layout_regular_city, st_stairs_13,
          serial_bayou_pond_d, chequers_serial_rivers_micro_c,
          infiniplex_staircase_pool

Skill      XL: |  1  2  3  4  5  6  7  8  9 10 11 12 13 |
---------------+----------------------------------------+-----
Axes           | 4 5 6 7 8 11 13 16 18 20 | 20.0
Fighting       | 4 8 14 17 | 17.1
Stealth        | 1 |  1.1
Armour         | |  2.8
Dodging        | |  2.5

Action                   |  1- 3 |  4- 6 |  7- 9 | 10-12 | 13-15 || total
-------------------------+-------+-------+-------+-------+-------++-------
Melee: Hand axe          |    69 |   137 |   168 |       |       ||   374
       Headbutt          |     5 |    30 |    44 |   103 |    33 ||   215
       Battleaxe         |       |       |    30 |   461 |   139 ||   630
       Quarterstaff      |       |       |       |     6 |       ||     6
Invok: Berserk           |       |     1 |     8 |     5 |     1 ||    15
       Trog's Hand       |       |       |     8 |     9 |     3 ||    20
       Brothers in Arms  |       |       |       |     1 |     2 ||     3
Evoke: Wand              |       |       |       |     4 |       ||     4
  Use: Scroll            |       |     7 |     5 |     9 |     3 ||    24
       Potion            |       |       |     2 |     1 |     3 ||     6
 Stab: Sleeping          |     6 |       |     2 |     3 |     1 ||    12
Armor: Animal skin       |     5 |       |       |       |       ||     5
       Leather armour    |    14 |     1 |       |       |       ||    15
       Chain mail        |       |    40 |       |       |       ||    40
       Plate armour      |       |    16 |    15 |       |       ||    31
       Skin              |       |       |     1 |       |       ||     1
       Steam dragon scal |       |       |    38 |   163 |    70 ||   271
Dodge: Dodged            |    43 |    52 |   104 |   225 |    90 ||   514

Table legend: (Time is in decaauts)
 A = Elapsed time spent in this place.
 B = Non-inter-level travel time spent in this place.
 C = Inter-level travel time spent in this place.
 D = Time resting spent in this place.
 E = Time spent auto-exploring this place.
 F = Levels seen in this place.
 G = Mean time per level.
                   A        B        C        D        E       F      G
               +--------+--------+--------+--------+--------+-----+--------+
         Total |  17701 |  17311 |    390 |   3266 |  10866 |  17 | 1041.2 |
       Dungeon |  12256 |  11966 |    290 |   1635 |   7972 |  12 | 1021.3 |
          Lair |   5444 |   5344 |    100 |   1630 |   2894 |   5 | 1088.8 |
               +--------+--------+--------+--------+--------+-----+--------+

Top non-repeatable levels by time:
  Lair:5: 1901 daAuts
     D:2: 1791 daAuts
    D:10: 1659 daAuts
  Lair:6: 1404 daAuts
  Lair:1: 1242 daAuts
    D:12: 1241 daAuts
     D:8: 1152 daAuts
     D:9: 1127 daAuts
     D:3: 1005 daAuts
     D:1: 975 daAuts
     D:4: 947 daAuts
     D:7: 921 daAuts
    D:11: 801 daAuts
  Lair:2: 739 daAuts
     D:5: 617 daAuts
